 Dungeon Crawl Stone Soup version 0.31-a0-816-gd61d57ddb1 (webtiles) character file.

Game seed: 10498782221449206863

75 Maratek the Caller (level 4, -5/24 HPs)
             Began as a Deep Elf Summoner on Sept 22, 2023.
             Killed by divine providence
             ... invoked by an orc priest
              (9 damage)
             ... on level 3 of the Dungeon.
             The game lasted 00:07:41 (2965 turns).

Maratek the Caller (Deep Elf Summoner)              Turns: 2965, Time: 00:07:41

Health: -5/24      AC:  2    Str:  5    XL:     4   Next: 11%
Magic:  0/12       EV: 12    Int: 22    God:
Gold:   105        SH:  0    Dex: 15    Spells: 5/11 levels left

rFire   + . .        f - staff of air
rCold   x . .        (no shield)
rNeg    . . .        a - +0 robe
rPois   .            (no helmet)
rElec   +            (no cloak)
rCorr   +            (no gloves)
SInv    .            (no boots)
Will    .....        g - amulet of guardian spirit
Stlth   ++           d - ring of fire
HPRegen 0.24/turn    r - ring of resist corrosion
MPRegen 0.13/turn

%: guardian spirit
@: no status effects
A: no striking features
a: no special abilities


You were on level 3 of the Dungeon.
You visited 1 branch of the dungeon, and saw 3 of its levels.

You collected 105 gold pieces.

Inventory:

Armour
 a - a +0 robe (worn)
Magical Staves
 f - a staff of air (weapon)
Jewellery
 d - a ring of fire (left hand)
 g - an amulet of guardian spirit (around neck)
 j - an amulet of reflection
 r - a ring of resist corrosion (right hand)
Scrolls
 c - 3 scrolls of identify {unknown}
 h - 2 scrolls of vulnerability {unknown}
 m - a scroll of enchant armour {unknown}
 n - a scroll of blinking {unknown}
 o - a scroll of poison {unknown}
 s - a scroll of teleportation {unknown}
 u - a scroll of immolation {unknown}
Potions
 b - a potion of magic
 e - 2 potions of cancellation {unknown}
 i - a potion of heal wounds {unknown}
 k - a potion of curing {unknown}
 l - a potion of ambrosia {unknown}
 p - a potion of degeneration {unknown}
 q - a potion of mutation {unknown}
 t - a potion of enlightenment {unknown}


   Skills:
 + Level 2.4 Dodging
 + Level 2.5 Stealth
 + Level 4.0 Spellcasting
 + Level 5.7 Summonings


You had 5 spell levels left.
You knew the following spells:

 Your Spells              Type           Power      Damage    Failure   Level
a - Summon Small Mammal   Summ           100%       N/A       1%          1
b - Call Imp              Summ           58%        N/A       1%          2
c - Call Canine Familiar  Summ           29%        N/A       3%          3

Your spell library contained the following spells:

 Spells                   Type           Power      Damage    Failure   Level
 Summon Guardian Golem    Hex/Summ       17%        N/A       11%         3
 Summon Lightning Spire   Summ/Air       25%        N/A       34%         4


Dungeon Overview and Level Annotations

Branches:
Dungeon (3/15)

Altars:


Message History

The bat dies!
You swap places.
Your cerulean imp disappears in a puff of smoke!
Your hound disappears in a puff of smoke!
A frilled lizard comes into view.
A frilled lizard is nearby!
A tiny devil pulls itself out of the air.
The frilled lizard hisses angrily.
Your cerulean imp hits the frilled lizard from afar with a -2 spear.
The frilled lizard dies!
You swap places.
You now have 105 gold pieces (gained 10).
An orc priest comes into view. It is wielding a +0 whip.
An orc priest is nearby!
An orc comes into view. It is wielding a +0 short sword.
A tiny devil pulls itself out of the air.
The orc shouts!
Your cerulean imp disappears in a puff of smoke!
Casting: Call Imp (safe; 1% risk of failure)
Confirm with . or Enter, or press ? or * to list all spells.
Okay, then.
Casting: Call Canine Familiar (quite dangerous; 3% risk of failure)
Confirm with . or Enter, or press ? or * to list all spells.
The orc priest misses your cerulean imp.
Your cerulean imp hits the orc priest with a -2 spear.
The orc priest hits your cerulean imp with a +0 whip.
An orc comes into view. It is wielding a +0 dagger.
Your cerulean imp hits the orc priest with a -2 spear.
The orc priest calls down the wrath of Beogh upon you.
Beogh smites you!
Your cerulean imp closely misses the orc priest.
The orc priest mumbles some strange prayers to Beogh against you.
Beogh smites you!
* * * LOW HITPOINT WARNING * * *
Your hound bites the orc priest.
Your cerulean imp hits the orc priest but does no damage.
Your hound bites the orc priest.
The orc priest invokes the aid of Beogh against you.
Beogh smites you!
You die...

.........##.# #.# #.## #.#
########.##.# #.# #..# #.#
.....####.########)#####.#
##..........†.............
............#####.#####.#
######.....#####.......#
................#.#.#####
#######.....###.#.#.#####
##@.........#....##
#..$.......####...
#..........# ####
#...5o.....# # #...ho.....
# #......... # ####...o..
# ...... # ...... #


You could see an orc priest (ally target), 2 orcs, a friendly hound (summoned)
and a friendly cerulean imp (summoned).

Vanquished Creatures
  A bat (D:1)
  A rat (D:2)
2 creatures vanquished.

Vanquished Creatures (collateral kills)
  2 adders
  A dart slug (D:1)
  An orc (D:3)
  5 ball pythons
  6 bats
  6 endoplasms
  2 giant cockroaches
  2 goblins
  2 hobgoblins
  5 jackals
  5 kobolds
  2 quokkas
  3 frilled lizards
  5 rats
47 creatures vanquished.

Grand Total: 49 creatures vanquished

Notes
Turn   | Place    | Note
-------+----------+-------------------------------------------
     0 | D:1      | Maratek the Deep Elf Summoner began the quest for the Orb.
     0 | D:1      | Reached XP level 1. HP: 10/10 MP: 6/6
     1 | D:1      | Noticed an electric eel
   156 | D:1      | Reached XP level 2. HP: 15/15 MP: 4/8
   301 | D:1      | Reached skill level 5 in Summonings
   693 | D:1      | Learned a level 2 spell: Call Imp
   798 | D:2      | Reached XP level 3. HP: 2/19 MP: 2/9
   873 | D:2      | Learned a level 3 spell: Call Canine Familiar
  2780 | D:3      | Reached XP level 4. HP: 24/24 MP: 8/12
  2965 | D:3      | Killed from afar by an orc priest

Illustrated notes

Levels and vault maps discovered:
D:1:      arrival_aquarium_a, layout_basic, serial_glass, glass_columns_a,
          glass_columns_b, minmay_strange_pillars, minmay_misc_feat_doors,
          corexii_item_surrounded_by_moat
D:2:      layout_basic, nicolae_concentric_dashed_squares_wild,
          chequers_big_river, grunt_ministairs_3
D:3:      layout_basic

Skill      XL: |  1  2  3 |
---------------+----------+-----
Summonings     | 5 |  5.7
Spellcasting   | 4 |  4.0
Dodging        | |  2.4
Stealth        | |  2.5

Action                     |  1- 3 |  4- 6 || total
---------------------------+-------+-------++-------
  Melee: Staff             |    13 |     1 ||    14
   Cast: Summon Small Mamm |    32 |       ||    32
         Call Imp          |    29 |     4 ||    33
         Call Canine Famil |    19 |     3 ||    22
 Armour: Robe              |    26 |     1 ||    27
  Dodge: Dodged            |    44 |     3 ||    47
  Block: Other             |     6 |       ||     6
         Reflection        |     1 |       ||     1

Table legend: (Time is in decaauts)
 A = Elapsed time spent in this place.
 B = Non-inter-level travel time spent in this place.
 C = Inter-level travel time spent in this place.
 D = Time resting spent in this place.
 E = Time spent auto-exploring this place.
 F = Levels seen in this place.
 G = Mean time per level.
                   A        B        C        D        E       F      G
               +--------+--------+--------+--------+--------+-----+--------+
         Total |   2979 |   2941 |     38 |     71 |   2279 |   3 |  993.0 |
       Dungeon |   2979 |   2941 |     38 |     71 |   2279 |   3 |  993.0 |
               +--------+--------+--------+--------+--------+-----+--------+

Top non-repeatable levels by time:
     D:2: 1476 daAuts
     D:3: 793 daAuts
     D:1: 709 daAuts
